 Dungeon Crawl Stone Soup version 0.19.5 (webtiles) character file.

20 QuCean the Firebug (level 2, -1/20 HPs)
             Began as a Demigod Fire Elementalist on May 22, 2017.
             Slain by a hobgoblin
             ... wielding a +0 club
              (4 damage)
             ... on level 1 of the Dungeon.
             The game lasted 00:07:12 (1687 turns).

QuCean the Firebug (Demigod Fire Elementalist)      Turns: 1687, Time: 00:07:12

Health: -1/20      AC:  2    Str: 11    XL:     2   Next: 42%
Magic:  7/7        EV: 12    Int: 19    God:
Gold:   46         SH:  0    Dex: 16    Spells: 1 memorised, 3 levels left

rFire  . . .     SeeInvis .     d - +0 dagger
rCold  . . .     Gourm    .     a - +0 robe
rNeg   . . .     Faith    .     (no shield)
rPois  .         Spirit   .     (no helmet)
rElec  .         Reflect  .     (no cloak)
rCorr  .         Harm     .     (no gloves)
MR     .....                    (no boots)
Stlth  ++........               (no amulet)
                                (no ring)
                                (no ring)

@: no status effects
A: high mp 1
a: no special abilities


You were on level 1 of the Dungeon.
You were not hungry.

You visited 1 branch of the dungeon, and saw 1 of its levels.

You collected 46 gold pieces.

Inventory:

Hand Weapons
 d - a +0 dagger (weapon)
Armour
 a - a +0 robe (worn)
Scrolls
 h - 2 scrolls of enchant armour
 i - a scroll of fog {unknown}
Potions
 e - a potion of heal wounds {unknown}
Books
 b - a book of Flames

   Spells                             Type                      Level
   a - Flame Tongue                   Conjuration/Fire             1
   b - Throw Flame                    Conjuration/Fire             2
   c - Conjure Flame                  Conjuration/Fire             3
   d - Inner Flame                    Hexes/Fire                   3
   e - Sticky Flame                   Conjuration/Fire             4
   f - Fireball                       Conjuration/Fire             5
Comestibles
 c - a bread ration
 f - 7 chunks of flesh


   Skills:
 + Level 0.3 Short Blades
 + Level 1.9 Dodging
 + Level 2.2 Stealth
 + Level 1.9 Spellcasting
 + Level 0.8 Conjurations
 + Level 3.1 Fire Magic


You had 3 spell levels left.
You knew the following spells:

 Your Spells              Type           Power        Failure   Level  Hunger
a - Flame Tongue          Conj/Fire      #....        10%         1    #......


Dungeon Overview and Level Annotations

Branches:
Dungeon (1/15)


Innate Abilities, Weirdness & Mutations

You have an increased reservoir of magic. (+10% MP)


Message History

The kobold is severely wounded.
The kobold closely misses you.
You hit the kobold.
You kill the kobold!
You barely miss the hobgoblin. The hobgoblin hits you with a club.
You hit the hobgoblin but do no damage. The hobgoblin hits you with a club!
* * * LOW HITPOINT WARNING * * *
You closely miss the hobgoblin. You hit the hobgoblin but do no damage.
The hobgoblin hits you but does no damage.
You closely miss the hobgoblin. The hobgoblin closely misses you.
You hit the hobgoblin but do no damage. The hobgoblin misses you.
You hit the hobgoblin.
The hobgoblin is severely wounded.
The hobgoblin hits you with a club.
* * * LOW HITPOINT WARNING * * *
You hit the hobgoblin.
The hobgoblin is severely wounded.
The hobgoblin hits you with a club.
You die...

.##......##.##..####.............
.##...#..##.#...# ##############
.##...#..##.##############
.##......................########
.##.#.#####.##.#######.####...#..
.##...............# #.##≈....#.#
.##.#.########.#.## #.##.....#..
..).#.# #.#.# #.##........
###.#.# #.#@# #.#......≈≈≈
#.#.########.#g# #.......≈...
#.#.......)..#.# #.......≈.<.
#.#..#######.#.# #.#.....≈)..
#.#..# #.#.# #.#......≈≈≈
###.#..####..###.# #.####......
.............. ... ..##........
....#..####### #.# ######......
..#....... #≈#...##


You could see a hobgoblin.

Vanquished Creatures
  A dart slug (D:1)
  5 bats (D:1)
  3 goblins (D:1)
  3 hobgoblins (D:1)
  A ball python (D:1)
  2 frilled lizards (D:1)
  3 kobolds (D:1)
18 creatures vanquished.

Notes
Turn   | Place    | Note
-------+----------+-------------------------------------------
     0 | D:1      | QuCean the Demigod Fire Elementalist began the quest for the Orb.
     0 | D:1      | Reached XP level 1. HP: 14/14 MP: 5/5
   587 | D:1      | Reached skill level 3 in Fire Magic
   587 | D:1      | Reached XP level 2. HP: 20/20 MP: 7/7
  1687 | D:1      | Slain by a hobgoblin

Skill      XL: |  1 |
---------------+----+-----
Stealth        | 2 |  2.2
Fire Magic     | 3 |  3.1
Short Blades   | |  0.3
Dodging        | |  1.9
Spellcasting   | |  1.9
Conjurations   | |  0.8

Action                   || total
-------------------------++-------
Melee: Dagger            ||    92
 Cast: Flame Tongue      ||     5
  Use: Scroll            ||     1
 Stab: Sleeping          ||     1
  Eat: Bread ration      ||     1
Armor: Robe              ||    18
Dodge: Dodged            ||    63
